 Dungeon Crawl Stone Soup version 0.23.2 (webtiles) character file.

Game seed: 13876061044619219190

53 Borgoz the Cutter (level 3, -2/22 HPs)
             Began as a Gargoyle Gladiator on Apr 10, 2019.
             Slain by an adder (4 damage)
             ... on level 2 of the Dungeon.
             The game lasted 00:02:15 (1024 turns).

Borgoz the Cutter (Gargoyle Gladiator)              Turns: 1024, Time: 00:02:16

Health: -2/22      AC:  7    Str: 15 (17) XL:     3   Next: 87%
Magic:  3/3        EV: 12    Int:  7 (8)  God:
Gold:   53         SH:  0    Dex: 11 (12) Spells: 2/2 levels left

rFire    . . .     SeeInvis .   a - +0 rapier
rCold    . . .     Gourm    .   (no shield)
rNeg     + . .     Faith    .   b - +0 leather armour
rPois    ∞         Spirit   .   c - +0 helmet
rElec    +         Reflect  .   (no cloak)
rCorr    .         Harm     .   (no gloves)
MR       .....                  (no boots)
Stlth    +.........             (no amulet)
HPRegen  0.07/turn              (no ring)
MPRegen  0.08/turn              (no ring)

@: no status effects
A: negative energy resistance 1, electricity resistance, unbreathing,
petrification resistance, rot immunity, AC +3
a: no special abilities


You were on level 2 of the Dungeon.
You were not hungry.

You visited 1 branch of the dungeon, and saw 2 of its levels.

You collected 53 gold pieces.

Inventory:

Hand Weapons
 a - a +0 rapier (weapon)
Armour
 b - a +0 leather armour (worn)
 c - a +0 helmet (worn)
Comestibles
 f - 2 rations
 i - 3 chunks of flesh


   Skills:
 + Level 2.7 Fighting
 + Level 3.0 Short Blades
 - Level 1.7 Throwing
 + Level 1.2 Armour
 + Level 2.8 Dodging
 + Level 1.5 Stealth


You had 2 spell levels left.
You didn't know any spells.
Your spell library was empty.

Dungeon Overview and Level Annotations

Branches:
Dungeon (2/15)

Altars:


Innate Abilities, Weirdness & Mutations

You are resistant to torment.
Your stone body is resilient. (AC +3)
You are immune to poison.
You resist negative energy. (rN+)
You are resistant to electric shocks. (rElec)
You can survive without breathing.
You are immune to petrification.
You are immune to rotting.


Message History

The adder completely misses you.
You are too injured to fight recklessly!
You completely miss the adder. The adder bites you.
* * * LOW HITPOINT WARNING * * *
The adder barely misses you.
You closely miss the adder. The adder bites you but does no damage.
You miss the adder. The adder bites you but does no damage.
You aren't carrying any potions.
You aren't carrying any scrolls.
You closely miss the adder. The adder closely misses you. x2
You miss the adder. The adder barely misses you.
You hit the adder but do no damage. The adder closely misses you.
You miss the adder. The adder bites you.
* * * LOW HITPOINT WARNING * * *
The adder barely misses you.
You closely miss the adder. The adder bites you.
* * * LOW HITPOINT WARNING * * *
You barely miss the adder. The adder misses you. x2
You closely miss the adder. The adder bites you.
You die...

... .. #.# #.
#.######## #.
##.##.....# #.
##...#.###.# #.
##......# #.# #.#
#.......# #.#
#.#####.# ........#
#.# #..÷...(#
#÷......# #.#
#.@###### #......##
#)# #.S# #.#...## #.#
#..# #.#####
##.###..#### #.#
#...##.....##### #..
......#...............
#..
#####...#.#÷##........
#.. ##.##.#(##...#.#.#
. #. #.#.....<..#


You could see an adder.

Vanquished Creatures
  3 adders (D:2)
  2 oozes (D:1)
  A leopard gecko (D:2)
  A giant cockroach (D:1)
  2 hobgoblins (D:1)
  4 bats
  A goblin (D:1)
  3 kobolds
  2 rats
19 creatures vanquished.

Vanquished Creatures (others)
  A quokka (D:2)
1 creature vanquished.

Grand Total: 20 creatures vanquished

Notes
Turn   | Place    | Note
-------+----------+-------------------------------------------
     0 | D:1      | Borgoz the Gargoyle Gladiator began the quest for the Orb.
     0 | D:1      | Reached XP level 1. HP: 12/12 MP: 1/1
    44 | D:1      | Reached XP level 2. HP: 18/18 MP: 2/2
   306 | D:1      | Reached skill level 1 in Stealth
   767 | D:2      | Reached skill level 1 in Armour
   767 | D:2      | Reached XP level 3. HP: 12/22 MP: 3/3
   921 | D:2      | Reached skill level 3 in Short Blades
   939 | D:2      | HP: 1/22 [adder (4)]
  1024 | D:2      | Slain by an adder

Skill      XL: |  1  2  3 |
---------------+----------+-----
Stealth        | 1 |  1.5
Armour         | 1 |  1.2
Short Blades   | 3 |  3.0
Fighting       | |  2.7
Throwing       | |  1.7
Dodging        | |  2.8

Action                   || total
-------------------------++-------
Melee: Rapier            ||    95
Throw: Throwing net      ||     6
  Use: Potion            ||     3
Armor: Leather armour    ||    34
Dodge: Dodged            ||    83
